 Dungeon Crawl Stone Soup version 0.26-a0-649-gf8c6c3aab7 (webtiles) character file.

Game seed: 16265456189147046304

10087 nomicflux the Thaumaturge (level 11, -11/61 HPs)
             Began as a Deep Elf Conjurer on Sept 27, 2020.
             Was a High Priest of Sif Muna.
             Mangled by a catoblepas (13 damage)
             ... while petrified by you
             ... on level 9 of the Dungeon.
             The game lasted 00:29:14 (11828 turns).

nomicflux the Thaumaturge (Deep Elf Conjurer)      Turns: 11828, Time: 00:29:14

Health: -11/61     AC:  9    Str:  5    XL:     11   Next: 31%
Magic:  9/30       EV:  2    Int: 33    God:    Sif Muna [*****.]
Gold:   250        SH:  0    Dex: 13    Spells: 26/37 levels left

rFire    . . .     SeeInvis +   d - +0 dagger
rCold    . . .     Faith    +   J - +0 buckler
rNeg     + + +     Spirit   .   V - +1 robe "Zytremo" {*Slow rN+ Int+7 SInv}
rPois    ∞         Reflect  .   (no helmet)
rElec    .         Harm     .   E - +0 cloak
rCorr    .         Rampage  .   f - +2 pair of gloves
MR       +....                  e - +1 pair of boots
Stlth    ++........             j - amulet of faith
HPRegen  0.20/turn              (no ring)
MPRegen  0.22/turn              (no ring)

@: petrified
A: no striking features
a: Channel Magic, Forget Spell, Divine Exegesis, Renounce Religion


You were on level 9 of the Dungeon.
You worshipped Sif Muna.
Sif Muna was extremely pleased with you.
You visited 2 branches of the dungeon, and saw 10 of its levels.
You also visited: Bailey.

You collected 887 gold pieces.
You spent 637 gold pieces at shops.

Inventory:

Hand Weapons
 d - a +0 dagger (weapon)
 D - a +4 quarterstaff of chaos
 G - a +2 shortbow of freezing
 Q - the +8 eveningstar of Defiance {elec, rN+ MP-9 Str+8 Dex+6}
   (You found it in a bailey)

   Occasionally, upon striking a foe, it will discharge some electrical energy
   and cause terrible harm.
   It affects your strength (+8).
   It affects your dexterity (+6).
   It protects you from negative energy.
   It affects your magic capacity (-9).
Missiles
 m - 3 silver boomerangs (quivered)
 H - 126 arrows
Armour
 a - a +0 robe
 e - a +1 pair of boots (worn)
 f - a +2 pair of gloves (worn)
 t - the cursed +1 chain mail of the Fife {rElec, unknown}
   (You found it on level 4 of the Dungeon)

   It insulates you from electricity.
   It has a curse placed upon it.
 y - the +2 ratskin cloak {*Rats rPois rN+ Str-1 Int-1 Dex+1}
   (You found it on level 5 of the Dungeon)

   It affects your strength (-1).
   It affects your intelligence (-1).
   It affects your dexterity (+1).
   It protects you from poison.
   It protects you from negative energy.
 E - a +0 cloak (worn)
 J - a +0 buckler (worn)
 V - the +1 robe "Zytremo" (worn) {*Slow rN+ Int+7 SInv}
   (You bought it in a shop on level 8 of the Dungeon)

   It affects your intelligence (+7).
   It protects you from negative energy.
   It lets you see invisible.
   It may slow you when you take damage.
Magical Staves
 O - an uncursed staff of earth
Jewellery
 j - an amulet of faith (around neck)
 C - an uncursed ring of ice
 I - an uncursed amulet of reflection {unknown}
 R - an uncursed ring of fire
 S - an uncursed ring of attention
Wands
 A - a wand of digging (3)
 L - a wand of acid (10)
 M - a wand of iceblast (5)
 P - a wand of paralysis (11)
Scrolls
 b - a scroll of amnesia
 i - 5 scrolls of remove curse
 k - 2 scrolls of enchant weapon
 n - 3 scrolls of teleportation
 o - a scroll of magic mapping
 q - 2 scrolls of enchant armour
 r - a scroll of fear
Potions
 c - 2 potions of magic
 g - 3 potions of mutation
 h - 2 potions of haste
 p - 6 potions of curing
 s - a potion of lignification
 u - 2 potions of brilliance
 v - 3 potions of cancellation
 x - a potion of flight
 W - a potion of resistance {unknown}


   Skills:
 + Level 4.2 Fighting
 + Level 6.7 Dodging
 - Level 2.4 Stealth
 - Level 4.0 Shields
 + Level 13.9 Spellcasting
 - Level 11.2 Conjurations
 + Level 5.7 Invocations


You had 26 spell levels left.
You knew the following spells:

 Your Spells              Type           Power        Failure   Level
a - Magic Dart            Conj           ####         1%          1
b - Searing Ray           Conj           ######       1%          2
c - Fulminant Prism       Conj/Hex       ######....   1%          4
d - Iskenderun's Mystic   Conj/Tloc      ######..     1%          4

Your spell library contained the following spells:

 Spells                   Type           Power        Failure   Level
 Dazzling Flash           Conj/Hex       ######       1%          3
 Wereblood                Tmut           ###.....     3%          2
 Ignite Poison            Fire/Tmut/Pois ###.....     6%          3
 Alistair's Intoxication  Tmut/Pois      ###......    47%         5
 Eringya's Noxious Bog    Tmut/Pois      ###.......   96%         6
 Dragon Form              Tmut           ###.......   100%        7
 Malign Gateway           Summ/Tloc      ###.......   100%        7
 Monstrous Menagerie      Summ           ###.......   100%        7
 Summon Greater Demon     Summ           ###.......   100%        7
 Summon Horrible Things   Summ           ###.......   100%        8


Dungeon Overview and Level Annotations

Branches:
Dungeon (9/15)             Temple (1/1) D:4            Lair (0/6) D:9
 Bailey (visited)
    Orc: D:9-12

Altars:
Ashenzari
Cheibriados
Dithmenos
Elyvilon
Fedhas
Gozag
Hepliaklqana
Kikubaaqudgha
Makhleb
Nemelex Xobeh
Okawaru
Qazlal
Ru
Sif Muna
Trog
Uskayaw
Vehumet
Wu Jian
Xom
Yredelemnul
Zin
The Shining One

Shops:
D:8 *   D:9 !

Annotations:
D:3 3 runed translucent doors, Gravence's ghost, amateur MfSu


Message History

Confirm with . or Enter, or press ? or * to list all spells.
Press: ? - help, Dir - move target cursor You conjure a prism of explosive energy!
A fulminant prism comes into view.
The catoblepas gores you but does no damage.
You have turned to stone.
The catoblepas gores you!
Your fulminant prism crackles loudly.
The catoblepas gores you!
* * * LOW HITPOINT WARNING * * *
Your fulminant prism explodes!
The blast of energy engulfs the catoblepas!
The catoblepas is almost dead.
The blast of energy engulfs you!
* * * LOW HITPOINT WARNING * * *
The catoblepas gores you but does no damage.
The catoblepas gores you!!
* * * LOW HITPOINT WARNING * * *
The catoblepas gores you!!
You die...

.....#....[#......#.#.#.........[
.....##.####.###.#.....#.#......#
.....##....#..###.#.#.#.##....###
###..##..#....##...#.#...#.####..
#..#####.######.#...#.##.......
#..#####÷###################.##
#..##........#..§§Y....#.......
###..#.##......#Y#######.#.#####.
.....# #.##....#@# ...#§#.......
.....#..#..###.#.# #.#§#.#.###.
.....#..#.#...#..# #.Y.#.#...#.
.....#...#.###.#.# #§#*#.#.#.#.
.....#...#.#..##.#)Y§§.#.#.#.#...
.....#.. #.#.#.#.#######.#.#.#[##
.....#....#.#.[#.........#.#.....
.....#########################.##
.................................


You could see a catoblepas.

Vanquished Creatures
  3 two-headed ogres
  A centaur warrior (D:9)
  2 gargoyles (D:9)
  A hornet (D:7)
  Grinder (D:5)
  A hippogriff (D:7)
  Sigmund (D:6)
  A wyvern (D:9)
  9 yaks
  Edmund (D:6)
  8 orc warriors
  3 porcupines (D:9)
  A black bear (D:7)
  3 ice beasts
  4 ogres
  A sky beast (D:9)
  A necrophage (D:7)
  6 centaurs
  4 bullfrogs
  A wyvern zombie (D:7)
  3 scorpions
  A killer bee (D:9)
  A howler monkey (D:9)
  A centaur zombie (D:7)
  4 bullfrog zombies
  3 jellies
  2 hounds
  A quasit (D:5)
  Crazy Yiuf (D:6)
  6 orc priests
  11 orc wizards
  2 centaur skeletons
  An iguana (D:7)
  4 bullfrog skeletons
  Terence (D:3)
  3 hell rats (D:5)
  4 worker ants
  A hound zombie (D:6)
  3 hound skeletons
  3 worker ant zombies (D:8)
  8 gnolls
  A howler monkey skeleton (D:6)
  15 adders
  4 river rats (D:5)
  3 white imps
  3 oozes
  A worm (D:2)
  5 dart slugs
  7 leopard geckos
  23 orcs
  3 giant cockroaches
  17 goblins
  6 hobgoblins
  7 jackals
  8 quokkas
  7 bats
  4 frilled lizards
  A giant cockroach zombie (D:6)
  A jackal skeleton (D:4)
  22 kobolds
  A quokka skeleton (D:6)
  A quokka zombie (D:5)
  18 rats
  A spectral orc (D:6)
276 creatures vanquished.

Vanquished Creatures (others)
  43 fulminant prisms
  11 fungi (D:9)
  4 plants (D:9)
  2 withered plants (D:3)
60 creatures vanquished.

Grand Total: 336 creatures vanquished

Notes
Turn   | Place    | Note
-------+----------+-------------------------------------------
     0 | D:1      | nomicflux the Deep Elf Conjurer began the quest for the
                  | Orb.
     0 | D:1      | Reached XP level 1. HP: 10/10 MP: 6/6
   162 | D:1      | Reached XP level 2. HP: 15/15 MP: 4/8
   166 | D:1      | Learned a level 2 spell: Searing Ray
   459 | D:1      | Reached skill level 4 in Spellcasting
   547 | D:1      | Reached skill level 5 in Conjurations
   547 | D:1      | Reached XP level 3. HP: 19/19 MP: 7/10
  1537 | D:2      | Reached XP level 4. HP: 24/24 MP: 8/12
  1544 | D:2      | Learned a level 4 spell: Fulminant Prism
  1549 | D:2      | Learned a level 4 spell: Iskenderun's Mystic Blast
  1583 | D:2      | You fall into a shaft and drop 2 floors!
  1724 | D:4      | Found a staircase to the Ecumenical Temple.
  1730 | Temple   | Entered the Ecumenical Temple
  1982 | Temple   | Became a worshipper of Sif Muna the Loreminder
  2042 | D:4      | Reached skill level 5 in Spellcasting
  2135 | D:4      | Noticed an ogre
  2140 | D:4      | Killed an ogre
  2140 | D:4      | Reached XP level 5. HP: 28/28 MP: 10/15
  2373 | D:3      | Found an ancient bone altar of Kikubaaqudgha.
  2427 | D:2      | Reached skill level 6 in Spellcasting
  3006 | D:3      | Noticed Terence
  3378 | D:3      | Found a faded altar of an unknown god.
  3424 | D:3      | Killed Terence
  3424 | D:3      | Reached * piety under Sif Muna
  3424 | D:3      | Reached XP level 6. HP: 19/32 MP: 9/17
  3911 | D:3      | Found a runed translucent gate.
  3911 | D:3      | Found a runed translucent gate.
  3911 | D:3      | Found a runed translucent gate.
  3912 | D:3      | Found an opulent altar of Gozag.
  3915 | D:3      | Noticed Gravence's ghost (amateur MfSu)
  3965 | D:4      | Got a jasper-encrusted chain mail
  4555 | D:5      | Entered Level 5 of the Dungeon
  4580 | D:5      | Found the +6 lightning scales {run, rElec}
  4651 | D:5      | Reached skill level 7 in Spellcasting
  4937 | D:5      | Noticed Grinder
  4952 | D:5      | Killed Grinder
  4952 | D:5      | Reached skill level 8 in Spellcasting
  4952 | D:5      | Reached XP level 7. HP: 36/36 MP: 2/20
  5320 | D:5      | Reached ** piety under Sif Muna
  5364 | D:5      | Found the +2 ratskin cloak {*Rats rPois rN+ Str-1 Int-1
                  | Dex+1}
  5544 | D:5      | Reached skill level 9 in Spellcasting
  5649 | D:5      | Found a hide-covered altar of Uskayaw.
  5880 | D:5      | Reached XP level 8. HP: 41/41 MP: 18/23
  6113 | D:6      | Noticed Edmund
  6125 | D:6      | Killed Edmund
  6268 | D:6      | Reached skill level 10 in Spellcasting
  6268 | D:6      | Reached *** piety under Sif Muna
  6554 | D:6      | Found a sparkling altar of Nemelex Xobeh.
  6634 | D:6      | Noticed Sigmund
  6639 | D:6      | Killed Sigmund
  6713 | D:6      | Found a runed translucent door.
  6714 | D:6      | Noticed Crazy Yiuf
  6719 | D:6      | Killed Crazy Yiuf
  6831 | D:6      | Found a basalt altar of Yredelemnul.
  7073 | D:7      | Reached skill level 10 in Conjurations
  7105 | D:7      | Reached skill level 11 in Spellcasting
  7233 | D:7      | Reached XP level 9. HP: 45/45 MP: 22/26
  8133 | D:7      | Found an ornate altar of the Wu Jian Council.
  8143 | D:7      | Found a radiant altar of Vehumet.
  8300 | D:8      | Reached skill level 12 in Spellcasting
  8383 | D:8      | Found a flagged portal.
  8515 | Bailey   | Entered a bailey
  8541 | Bailey   | Reached **** piety under Sif Muna
  8778 | Bailey   | Reached skill level 1 in Invocations
  8783 | Bailey   | Reached skill level 1 in Fighting
  8783 | Bailey   | Reached skill level 1 in Shields
  8839 | Bailey   | Got a faintly glowing eveningstar
  8855 | Bailey   | Identified the +8 eveningstar of Defiance {elec, rN+ MP-9
                  | Str+8 Dex+6} (You found it in a bailey)
  8953 | D:8      | Noticed a two-headed ogre
  8976 | D:8      | Killed a two-headed ogre
  8976 | D:8      | Reached XP level 10. HP: 41/53 MP: 8/28
  9384 | D:8      | Reached ***** piety under Sif Muna
  9413 | D:8      | Noticed a two-headed ogre
  9423 | D:8      | Killed a two-headed ogre
  9423 | D:8      | Reached skill level 13 in Spellcasting
  9605 | D:8      | Found Ruif's Assorted Antiques.
  9608 | D:8      | Bought a creamy pearl robe for 131 gold pieces
  9608 | D:8      | Bought a sedimented dark potion for 20 gold pieces
  9608 | D:8      | Bought a grey potion for 20 gold pieces
  9608 | D:8      | Bought a scroll of identify for 46 gold pieces
  9608 | D:8      | Bought a scroll of identify for 46 gold pieces
 10114 | D:9      | Found a sacrificial altar of Ru.
 10131 | D:9      | Found a burning altar of Makhleb.
 10159 | D:9      | Identified Sif Muna's Disquisition on Shape Shifting (Sif
                  | Muna gifted it to you on level 9 of the Dungeon)
 10159 | D:9      | Received a gift from Sif Muna
 10260 | D:9      | Reached skill level 5 in Dodging
 10353 | D:9      | Found a staircase to the Lair.
 10580 | D:9      | Found Jeov's Distillery.
 10588 | D:9      | Bought a potion of curing for 51 gold pieces
 10588 | D:9      | Bought a potion of lignification for 51 gold pieces
 10588 | D:9      | Bought a potion of ambrosia for 136 gold pieces
 10588 | D:9      | Bought a potion of heal wounds for 85 gold pieces
 10588 | D:9      | Bought a potion of flight for 51 gold pieces
 10599 | D:9      | Identified the +1 robe "Zytremo" {*Slow rN+ Int+7 SInv}
                  | (You bought it in a shop on level 8 of the Dungeon)
 11263 | D:9      | Noticed a centaur warrior
 11271 | D:9      | Killed a centaur warrior
 11271 | D:9      | Reached skill level 5 in Invocations
 11271 | D:9      | Reached XP level 11. HP: 11/60 MP: 12/30
 11567 | D:9      | Noticed a two-headed ogre
 11586 | D:9      | Killed a two-headed ogre
 11775 | D:9      | Noticed a catoblepas
 11827 | D:9      | HP: 2/61 [catoblepas (9)]
 11828 | D:9      | Mangled by a catoblepas

Illustrated notes

Levels and vault maps discovered:
D:1:      minmay_arrival_glassed_features, layout_basic
D:2:      layout_loops_ring
D:3:      minmay_evil_eye, layout_basic, kiku_gazebo_garden_becter,
          chequers_ecumenical_altar_island, ebering_ghost_gozag, uniq_terence
D:4:      layout_basic, minmay_temple_entry_enclosed_plants
D:5:      wander_guarded_unrand_ratskin, layout_gridville,
          eat_drink_and_be_merry_uskayaw, uniq_grinder
D:6:      layout_loops_ring, yredelemnul_forgotten_temple_becter,
          old_standard_altar, minmay_misc_feat_tiny, uniq_edmund,
          uniq_crazy_yiuf_cottage, uniq_sigmund
D:7:      layout_basic, kennysheep_mini_moat, kennysheep_little_box
D:8:      layout_cave_pods, enter_bailey_3, serial_shops, kennysheep_mini
D:9:      minmay_the_grid_3x2 [minmay_the_grid_embedded,
          minmay_the_grid_diamond_grid, minmay_the_grid_large_cup,
          minmay_the_grid_expand, minmay_the_grid_holed_spiral,
          minmay_the_grid_prize_shrinking_boxes], layout_long_grid,
          nicolae_overflow_crystal_walls, nicolae_ru_great_annihilating_truth,
          grunt_lair_entry_orc_guard_hut, serial_shops, nicolae_shop_stone
Temple:   minmay_temple_curvy_branch

Skill      XL: |  1  2  3  4  5  6  7  8  9 10 11 |
---------------+----------------------------------+-----
Spellcasting   | 4 5 6 8 9 11 12 13 | 13.9
Conjurations   | 5 6 7 8 10 11 | 11.2
Invocations    | 2 5 |  5.7
Fighting       | 1 3 4 |  4.2
Dodging        | 3 6 |  6.7
Shields        | 1 3 4 |  4.0
Stealth        | |  2.4

Action                   |  1- 3 |  4- 6 |  7- 9 | 10-12 || total
-------------------------+-------+-------+-------+-------++-------
Melee: Dagger            |       |       |    30 |       ||    30
       Quarterstaff      |       |       |       |     6 ||     6
 Cast: Magic Dart        |    51 |    22 |    46 |    23 ||   142
       Searing Ray       |     6 |    27 |    61 |    41 ||   135
       Fulminant Prism   |       |     6 |    11 |    26 ||    43
       Iskenderun's Myst |       |       |    14 |    15 ||    29
  Use: Scroll            |       |     3 |     6 |    18 ||    27
       Potion            |       |     1 |       |     3 ||     4
 Stab: Sleeping          |       |       |     2 |       ||     2
       Distracted        |       |       |     1 |       ||     1
Armor: Robe              |     1 |    20 |    20 |    10 ||    51
Dodge: Dodged            |     1 |    44 |    83 |    32 ||   160
Block: Buckler           |       |       |       |     1 ||     1

Table legend: (Time is in decaauts)
 A = Elapsed time spent in this place.
 B = Non-inter-level travel time spent in this place.
 C = Inter-level travel time spent in this place.
 D = Time resting spent in this place.
 E = Time spent auto-exploring this place.
 F = Levels seen in this place.
 G = Mean time per level.
                   A        B        C        D        E       F      G
               +--------+--------+--------+--------+--------+-----+--------+
         Total |  11836 |  11539 |    297 |   1115 |   8339 |  11 | 1076.0 |
       Dungeon |  11201 |  10953 |    248 |    961 |   8115 |   9 | 1244.6 |
        Temple |    277 |    228 |     49 |      0 |    224 |   1 |  277.0 |
        Bailey |    357 |    357 |      0 |    154 |      0 |   1 |  357.0 |
               +--------+--------+--------+--------+--------+-----+--------+

Top non-repeatable levels by time:
     D:9: 1670 daAuts
     D:5: 1579 daAuts
     D:8: 1433 daAuts
     D:7: 1405 daAuts
     D:1: 1297 daAuts
     D:3: 1193 daAuts
     D:4: 1014 daAuts
     D:6: 830 daAuts
     D:2: 777 daAuts
  Bailey: 357 daAuts
  Temple: 277 daAuts
